 Dungeon Crawl Stone Soup version 0.21-a0-150-gc243083 (webtiles) character file.

136796 Duffy the Severer (level 16, -9/150 HPs)
             Began as a Minotaur Gladiator on July 29, 2017.
             Was the Champion of Cheibriados.
             Hit by a large rock thrown by a stone giant (15 damage)
             ... on level 1 of the Depths.
             The game lasted 00:29:19 (26242 turns).

Duffy the Severer (Minotaur Gladiator)             Turns: 26242, Time: 00:29:20

Health: -9/150     AC: 26    Str: 40    XL:     16   Next: 67%
Magic:  24/24      EV: 20    Int: 18    God:    Cheibriados [******]
Gold:   2312       SH: 13    Dex: 30    Spells: 15/15 levels left

rFire    + + .     SeeInvis .   h - +2 war axe (elec)
rCold    + . .     Gourm    .   j - +2 shield {rN+}
rNeg     + . .     Faith    +   Y - +3 plate armour of Autumn {rF+}
rPois    .         Spirit   .   c - +0 hat
rElec    .         Reflect  .   (no cloak)
rCorr    .         Harm     .   u - +2 pair of gloves
MR       +....                  x - +0 pair of boots
Stlth    ..........             N - amulet of faith
HPRegen  0.35/turn              P - ring of protection from cold
MPRegen  0.19/turn              Z - ring of protection from fire

@: very slow
A: retaliatory headbutt, horns 2, blink, dopey 1, high mp 1, sense surroundings
1, screaming 2, shaggy fur 1, strong 1, wild magic 1
a: Blink, Bend Time, Temporal Distortion, Slouch, Step From Time, Renounce
Religion


You were on level 1 of the Depths.
You worshipped Cheibriados.
Cheibriados was exalted by your worship.
You were hungry.

You visited 5 branches of the dungeon, and saw 25 of its levels.

You collected 2656 gold pieces.
You spent 344 gold pieces at shops.

Inventory:

Hand Weapons
 h - a +2 war axe of electrocution (weapon)
 O - a +1 scimitar of flaming
Missiles
 d - 7 throwing nets (quivered)
Armour
 c - a +0 hat (worn)
 j - a +2 shield of positive energy (worn)
 u - a +2 pair of gloves (worn)
 x - a +0 pair of boots (worn)
 Y - the +3 plate armour of Autumn (worn) {rF+}
   (You found it on level 10 of the Dungeon)

   It protects you from fire.
Jewellery
 s - a +4 ring of evasion
 A - an uncursed ring of see invisible
 B - an uncursed ring of resist corrosion
 H - an uncursed ring of poison resistance
 N - an amulet of faith (around neck)
 P - a ring of protection from cold (left hand)
 Z - a ring of protection from fire (right hand)
Wands
 Q - a wand of paralysis (13/24)
 U - a wand of digging (17/24)
Scrolls
 b - 3 scrolls of magic mapping
 m - 12 scrolls of teleportation
 p - 9 scrolls of remove curse
 q - 2 scrolls of fog
 r - 6 scrolls of fear
 v - 7 scrolls of enchant armour
 y - a scroll of silence
 C - a scroll of blinking
 E - 3 scrolls of immolation
 I - 4 scrolls of enchant weapon
 L - 2 scrolls of torment
 M - a scroll of identify
 R - a scroll of brand weapon
 T - a scroll of holy word
 X - a scroll of summoning
Potions
 e - 8 potions of curing {unknown}
 i - 4 potions of magic {unknown}
 k - 4 potions of degeneration {unknown}
 l - 2 potions of invisibility {unknown}
 n - 3 potions of lignification {unknown}
 o - 4 potions of cancellation {unknown}
 t - 3 potions of brilliance {unknown}
 w - 3 potions of might {unknown}
 z - 4 potions of ambrosia {unknown}
 D - 3 potions of mutation {unknown}
 F - 2 potions of haste {unknown}
 G - 8 potions of heal wounds {unknown}
 J - 5 potions of flight {unknown}
 S - 4 potions of resistance {unknown}
 V - a potion of berserk rage {unknown}
 W - 2 potions of agility {unknown}
Comestibles
 a - 19 royal jellies
 f - 13 bread rations
 g - 18 meat rations
 K - 10 fruits


   Skills:
 + Level 15.7 Fighting
 + Level 20.9 Axes
 - Level 2.0 Throwing
 + Level 15.2 Armour
 + Level 13.6 Dodging
 - Level 9.0 Invocations


You had 15 spell levels left.
You didn't know any spells.

Dungeon Overview and Level Annotations

Branches:
Dungeon (15/15)            Temple (1/1) D:4            Lair (6/6) D:11
 Shoals (0/4) Lair:4        Snake (0/4) Lair:2        Slime (0/5) Lair:6
    Orc (2/2) D:10            Elf (0/3) Orc:2        Vaults (0/5) D:13
 Depths (1/5) D:15

Altars:
Ashenzari
Cheibriados
Dithmenos
Elyvilon
Fedhas
Gozag
Hepliaklqana
Kikubaaqudgha
Makhleb
Nemelex Xobeh
Okawaru
Qazlal
Ru
Sif Muna
Trog
Uskayaw
Vehumet
Wu Jian
Xom
Yredelemnul
Zin
The Shining One
Beogh

Shops:
D:5 (   Orc:2 [}?

Portals:
Hell: Depths:1

Annotations:
Lair:3 exclusion: oklob plant


Innate Abilities, Weirdness & Mutations

You reflexively headbutt those who attack you in melee.
You have a pair of horns on your head.
You can translocate small distances at will.
You are dopey. (Int -2)
You have an increased reservoir of magic. (+10% MP)
You passively map a small area around you.
You sometimes yell uncontrollably at your foes.
You are covered in fur. (AC +1)
Your muscles are strong. (Str +2)
Your spells are a little harder to cast, but a little more powerful.


Message History

The fire dragon claws you but does no damage.
The fire dragon misses you.
You closely miss the fire dragon. You headbutt the fire dragon.
The fire dragon is severely wounded.
The fire dragon bites you! You block the fire dragon's attack.
The fire dragon barely misses you.
You slice the fire dragon!!
The fire dragon is almost dead.
The fire dragon closely misses you. You furiously retaliate!
You headbutt the fire dragon. You block the fire dragon's attack.
The fire dragon barely misses you.
You yell at the stone giant!
A stone giant comes into view.
You hit the fire dragon but do no damage.
Lightning courses through the fire dragon!
You kill the fire dragon!
Cheibriados thoroughly appreciates the change of pace.
The fire dragon scales are intact enough to wear.
The stone giant throws a large rock.
The large rock hits you!
You die...

, ########..... ,
#............ * *
#............ , , *
#............ , , * ##
#............ ,,*
##.###............ ,
#....#....)).....$ * **
#....#....([...... ,* ###
#......@[())..C... ,
#####.## #.##.#..(.........
...#...#####...#(..........
##...#.......#.(%.########.
...#...#####..(#(...... ,
...##.## ##.##(....## *
#####.# #.######.# # #.#
#.# .# # #.# #.# .* * ,


You could see a stone giant.

Vanquished Creatures
  Kirke (Lair:4)
  Gastronok (Lair:3)
  2 frost giants (Depths:1)
  A fire giant (D:14)
  An orc warlord (Orc:2)
  A ghoul (D:14)
  The ghost of anything the Spry, an adept HaCK of Xom (Orc:2)
  A very ugly thing (Depths:1)
  A stone giant (Depths:1)
  A dire elephant (D:15)
  An ettin (Depths:1)
  3 fire dragons
  Harold (D:11)
  A rakshasa (D:14)
  Erolcha (Orc:2)
  4 vault guards (D:13)
  A great orb of eyes (Depths:1)
  9 hydras
  Erica (D:8)
  4 centaur warriors
  A catoblepas (Lair:2)
  8 two-headed ogres
  4 death yaks (Lair:6)
  2 tengu warriors
  A deep troll earth mage (Depths:1)
  3 orc high priests (Orc:2)
  Nergalle (Lair:3)
  5 unseen horrors
  13 skeletal warriors
  A naga ritualist (Lair:2)
  A swamp dragon (Lair:6)
  6 orc knights
  2 wolf spider zombies (D:14)
  3 deep trolls (Depths:1)
  9 ugly things
  4 deep elf magi
  3 cyclopes
  9 orc sorcerers
  2 wolf spiders
  5 elephants (Lair:6)
  4 manticores
  A moth of wrath (shapeshifter) (D:15)
  10 black mambas
  8 centaur zombies
  Joseph (D:8)
  An elephant (shapeshifter) (D:14)
  A guardian serpent (Lair:6)
  A black mamba (shapeshifter) (D:15)
  A centaur skeleton (D:15)
  14 spiny frogs
  A gargoyle (D:13)
  5 rime drakes
  10 yaktaurs (Depths:1)
  2 kobold demonologists
  9 komodo dragons
  A freezing wraith (D:14)
  A queen bee (Lair:5)
  5 trolls
  6 meliai
  5 hornets
  A meliai zombie (D:14)
  10 hippogriffs
  Prince Ribbit (D:5)
  13 dream sheep
  10 blink frogs
  18 slime creatures
  A shadow (D:14)
  2 redbacks (Lair:6)
  32 yaks
  A spriggan (Lair:2)
  10 wyverns
  Eustachio (D:5)
  6 hungry ghosts
  Grum (D:8)
  4 wraiths
  5 basilisks
  5 humans (Lair:4)
  2 vampire mosquitoes
  A steam dragon (D:11)
  2 wargs (Orc:2)
  3 acid dragons
  31 water moccasins
  2 swamp drakes (Lair:6)
  6 porcupines
  40 orc warriors
  3 ice beasts
  A phantom (D:8)
  6 sky beasts
  A hornet zombie (D:13)
  13 ogres
  An eye of draining (D:7)
  A necrophage (D:8)
  31 wolves
  8 centaurs
  4 big kobolds
  19 crocodiles
  25 bullfrogs
  A gnoll sergeant (D:8)
  3 wyvern zombies
  2 wyvern skeletons
  5 scorpions
  A wight (D:6)
  25 killer bees
  7 electric eels
  3 howler monkeys
  11 crimson imps
  A quasit (D:12)
  A bullfrog zombie (D:8)
  7 hounds
  5 jellies
  27 orc priests
  A gnoll shaman (D:6)
  2 bullfrog skeletons
  7 iguanas
  33 orc wizards
  5 worker ants
  3 mummies (D:14)
  11 gnolls
  22 adders
  5 shadow imps
  A white imp (Depths:1)
  2 oozes
  An adder zombie (D:7)
  A worm (D:2)
  2 dart slugs
  A leopard gecko (D:8)
  116 orcs
  3 ball pythons
  6 giant cockroaches
  7 goblins
  12 hobgoblins
  5 jackals
  12 kobolds
  6 quokkas
  6 bats
  5 frilled lizards
  8 rats
  A butterfly (Lair:3)
  7 fungi
  4 plants (Lair:6)
922 creatures vanquished.

Vanquished Creatures (others)
  A human (Lair:4)
  An orc wizard (Orc:2)
  26 fungi
  38 plants (Lair:6)
66 creatures vanquished.

Grand Total: 988 creatures vanquished

Notes
Turn   | Place    | Note
-------+----------+-------------------------------------------
     0 | D:1      | Duffy the Minotaur Gladiator began the quest for the Orb.
     0 | D:1      | Reached XP level 1. HP: 18/18 MP: 0/0
    80 | D:1      | Reached skill level 4 in Axes
    98 | D:2      | Reached XP level 2. HP: 15/25 MP: 1/1
   360 | D:3      | Reached skill level 5 in Axes
   360 | D:3      | Reached XP level 3. HP: 29/30 MP: 2/2
   547 | D:4      | Found a staircase to the Ecumenical Temple.
   559 | Temple   | Entered the Ecumenical Temple
   730 | Temple   | Became a worshipper of Cheibriados the Contemplative
  1012 | D:1      | Reached XP level 4. HP: 37/37 MP: 3/3
  1260 | D:1      | Reached skill level 6 in Axes
  1462 | D:2      | Reached * piety under Cheibriados
  2511 | D:4      | Reached XP level 5. HP: 41/42 MP: 4/4
  2519 | D:4      | Reached skill level 7 in Axes
  2625 | D:4      | Reached ** piety under Cheibriados
  2820 | D:5      | Entered Level 5 of the Dungeon
  2823 | D:4      | Reached skill level 8 in Axes
  2829 | D:4      | Reached XP level 6. HP: 44/50 MP: 5/5
  3183 | D:5      | Noticed Eustachio
  3212 | D:5      | Killed Eustachio
  3346 | D:5      | Reached skill level 9 in Axes
  3424 | D:5      | Noticed a sky beast
  3429 | D:5      | Killed a sky beast
  3429 | D:5      | Reached XP level 7. HP: 56/56 MP: 6/6
  3815 | D:5      | Noticed Prince Ribbit
  3820 | D:5      | Killed Prince Ribbit
  3820 | D:5      | Reached skill level 10 in Axes
  3820 | D:5      | Reached skill level 5 in Armour
  3820 | D:5      | Reached XP level 8. HP: 48/62 MP: 7/7
  3825 | D:5      | Reached *** piety under Cheibriados
  4220 | D:5      | Found Isuesax's Weapon Shop.
  4624 | D:6      | Reached skill level 11 in Axes
  5210 | D:6      | Found an opulent altar of Gozag.
  5625 | D:6      | Reached XP level 9. HP: 69/71 MP: 8/8
  5627 | D:6      | Reached **** piety under Cheibriados
  5751 | D:7      | Reached skill level 5 in Fighting
  5810 | D:7      | Reached skill level 12 in Axes
  5862 | D:7      | Noticed a kobold demonologist
  5864 | D:7      | Noticed a manticore
  5864 | D:7      | Noticed an ice devil
  5870 | D:7      | Killed a kobold demonologist
  6002 | D:7      | Identified the Catalogue of Damaging Ignition
  6038 | D:7      | Killed a manticore
  6175 | D:7      | Reached skill level 13 in Axes
  6557 | D:8      | Reached XP level 10. HP: 85/88 MP: 9/9
  6601 | D:8      | Noticed Joseph
  6611 | D:8      | Killed Joseph
  6767 | D:8      | Noticed Erica
  6773 | D:8      | Killed Erica
  6773 | D:8      | Reached skill level 5 in Dodging
  6930 | D:8      | Reached skill level 14 in Axes
  6930 | D:8      | Reached skill level 1 in Invocations
  6940 | D:8      | Noticed a two-headed ogre
  6944 | D:8      | Killed a two-headed ogre
  7189 | D:8      | Noticed a two-headed ogre
  7191 | D:8      | Noticed Grum
  7196 | D:8      | Killed a two-headed ogre
  7206 | D:8      | Killed Grum
  7600 | D:8      | Reached XP level 11. HP: 86/94 MP: 13/13
  7727 | D:8      | Reached ***** piety under Cheibriados
  8431 | D:8      | Reached skill level 15 in Axes
  8444 | D:8      | Noticed a two-headed ogre
  8449 | D:8      | Killed a two-headed ogre
  8449 | D:8      | Reached skill level 5 in Invocations
  8506 | D:9      | Noticed a two-headed ogre
  8511 | D:9      | Killed a two-headed ogre
  8513 | D:9      | Noticed a two-headed ogre
  8520 | D:9      | Killed a two-headed ogre
  8825 | D:10     | Entered Level 10 of the Dungeon
  8825 | D:10     | Noticed a two-headed ogre
  8832 | D:10     | Killed a two-headed ogre
  8841 | D:10     | Killed an unseen horror
  9070 | D:10     | Noticed a two-headed ogre
  9077 | D:10     | Killed a two-headed ogre
  9077 | D:10     | Reached skill level 16 in Axes
  9284 | D:10     | Got a shimmering plate armour
  9295 | D:10     | Identified the +3 plate armour of Autumn {rF+} (You found it on level 10 of the Dungeon)
  9438 | D:10     | Found a staircase to the Orcish Mines.
  9564 | D:10     | Gained mutation: You are covered in fur. (AC +1) [mutagenic meat]
  9565 | D:10     | Gained mutation: You have an increased reservoir of magic. (+10% MP) [mutagenic meat]
  9566 | D:10     | Gained mutation: Your muscles are strong. (Str +2) [mutagenic meat]
  9567 | D:10     | Gained mutation: Your spells are a little harder to cast, but a little more powerful. [mutagenic meat]
  9907 | D:11     | Found a staircase to the Lair.
  9934 | D:11     | Noticed Harold
  9947 | D:11     | Killed Harold
 10114 | D:11     | Noticed a green ugly thing
 10118 | D:11     | Killed a green ugly thing
 10203 | D:11     | Reached ****** piety under Cheibriados
 10750 | Lair:1   | Entered Level 1 of the Lair of Beasts
 10795 | Lair:1   | Reached XP level 12. HP: 95/101 MP: 19/19
 11201 | Lair:1   | Noticed a four-headed hydra
 11210 | Lair:1   | Killed a one-headed hydra
 11210 | Lair:1   | Reached skill level 17 in Axes
 11815 | Lair:1   | Noticed a five-headed hydra
 11822 | Lair:1   | Killed a three-headed hydra
 12153 | Lair:2   | Noticed a four-headed hydra
 12161 | Lair:2   | Killed a five-headed hydra
 12553 | Lair:2   | Found a staircase to the Snake Pit.
 12748 | Lair:2   | Noticed a catoblepas
 12761 | Lair:2   | Killed a catoblepas
 13504 | Lair:3   | Noticed Nergalle
 13516 | Lair:3   | Killed Nergalle
 13678 | Lair:3   | Noticed Gastronok
 13813 | Lair:3   | Killed Gastronok
 13813 | Lair:3   | Reached skill level 10 in Fighting
 13813 | Lair:3   | Reached XP level 13. HP: 113/113 MP: 20/20
 14182 | Lair:3   | Reached skill level 10 in Armour
 14561 | Lair:4   | Found a staircase to the Shoals.
 14586 | Lair:4   | Noticed Kirke
 14592 | Lair:4   | Killed Kirke
 14592 | Lair:4   | Reached skill level 18 in Axes
 16331 | Lair:6   | Entered Level 6 of the Lair of Beasts
 16368 | Lair:6   | Reached XP level 14. HP: 108/125 MP: 21/21
 16621 | Lair:6   | Reached skill level 10 in Dodging
 17230 | Lair:6   | Reached skill level 19 in Axes
 17964 | Lair:6   | Found a staircase to the Slime Pits.
 18784 | Orc:1    | Entered Level 1 of the Orcish Mines
 19117 | Orc:2    | Entered Level 2 of the Orcish Mines
 19774 | Orc:1    | Found a roughly hewn altar of Beogh.
 19854 | Orc:2    | Noticed an orc warlord
 19859 | Orc:2    | Found a staircase to the Elven Halls.
 19865 | Orc:2    | Killed an orc warlord
 19865 | Orc:2    | Reached XP level 15. HP: 85/136 MP: 14/22
 20027 | Orc:2    | Noticed anything's ghost (adept HaCK)
 20076 | Orc:2    | Killed anything's ghost
 20208 | Orc:2    | Noticed Erolcha
 20213 | Orc:2    | Killed Erolcha
 21004 | Orc:2    | Found Puuvvat's Antique Weapon Shop.
 21004 | Orc:2    | Found Kugolari's Armour Shop.
 21014 | Orc:2    | Found Lizamm's Magic Scroll Shoppe.
 21022 | Orc:2    | Found Uruery's Gadget Shoppe.
 21038 | Orc:2    | Bought a scroll of teleportation for 48 gold pieces
 21038 | Orc:2    | Bought a scroll of fog for 32 gold pieces
 21038 | Orc:2    | Bought a scroll of identify for 32 gold pieces
 21038 | Orc:2    | Bought a scroll of teleportation for 48 gold pieces
 21038 | Orc:2    | Bought a scroll of summoning for 152 gold pieces
 21038 | Orc:2    | Bought a scroll of identify for 32 gold pieces
 22364 | D:12     | Gained mutation: You can translocate small distances at will. [mutagenic meat]
 22447 | D:13     | Gained mutation: You passively map a small area around you. [mutagenic meat]
 22450 | D:13     | Gained mutation: You are frail. (-10% HP) [mutagenic meat]
 22452 | D:13     | Gained mutation: You occasionally shout uncontrollably at your foes. [mutagenic meat]
 22459 | D:13     | Found a gate to the Vaults.
 22508 | D:13     | Lost mutation: You are frail. (-10% HP) [mutagenic meat]
 22509 | D:13     | Gained mutation: You sometimes yell uncontrollably at your foes. [mutagenic meat]
 22920 | D:13     | Reached skill level 20 in Axes
 24161 | D:14     | Reached XP level 16. HP: 146/147 MP: 24/24
 24846 | D:15     | Entered Level 15 of the Dungeon
 24968 | D:15     | Found a staircase to the Depths.
 24976 | D:15     | Reached skill level 15 in Fighting
 25544 | D:15     | Found a shadowy altar of Dithmenos.
 25734 | Depths:1 | Entered Level 1 of the Depths
 25777 | Depths:1 | Gained mutation: You are dopey. (Int -2) [mutagenic meat]
 26085 | Depths:1 | Found a gateway to Hell.
 26183 | Depths:1 | Reached skill level 15 in Armour
 26240 | Depths:1 | HP: 5/150 [fire dragon (10)]
 26242 | Depths:1 | Hit by a large rock thrown by a stone giant

Vault maps used:
D:1:      lemuel_arrival_muddy, st_stairs_13
D:2:      st_stairs_9
D:4:      minmay_temple_entry_trees, palyth_stone_intersect,
          kennysheep_flooded_box
D:5:      first_bread, serial_shops, kennysheep_mini_moat,
          nicolae_underground_beach, uniq_eustachio, uniq_prince_ribbit1
D:6:      nicolae_gozag_cash_rules_everything_around_me,
          minmay_misc_feat_enclosed
D:7:      minmay_the_grid_triangle_9x9_recursive_2
D:8:      uniq_erica, uniq_joseph, uniq_grum
D:10:     orc_0_dummy, grunt_ogre_cave
D:11:     lair_entry_dummy, uniq_harold
D:12:     roderic_lattice_a
D:13:     lightli_vaults_fourway_checkpoint
D:14:     kennysheep_water_balloons, serial_undead, serial_undead_d,
          serial_undead_a, serial_undead_a, serial_undead_c, serial_undead_d,
          serial_undead_d, serial_undead_c, serial_undead_c, minmay_holes,
          kennysheep_generic_room_13
D:15:     hangedman_depths_entry_try_elsewhere_first, minivault_19,
          nicolae_dithmenos_shadow_blocks
Temple:   kilobyte_greek_temple
Lair:1:   serial_bayou, serial_bayou_pond_e, serial_bayou_pond_b,
          serial_bayou_ford_a, serial_bayou_pond_d, minivault_27,
          grunt_megastairs_3
Lair:2:   minmay_snake_entry_six_corridors, grunt_forest_large_clearing_hut
Lair:3:   minmay_lair_oklob_tunnel, grunt_megastairs_4, serial_bayou_shore_a,
          lemuel_fruit_fields, uniq_nergalle, uniq_gastronok
Lair:4:   shoals_dummy_entry, uniq_kirke
Lair:5:   special_room, grunt_megastairs_2
Lair:6:   guppyfry_lair_end_dragon, hangedman_lair_tendril_chambers,
          minmay_slime_entry_pillars, lemuel_fruit_tree
Orc:1:    lemuel_statue_altar
Orc:2:    st_orc_elflike, uniq_erolcha
Depths:1: hangedman_coc_ice_floe, minmay_misc_feat_tower, lemuel_old_faithful

Skill      XL: |  1  2  3  4  5  6  7  8  9 10 11 12 13 14 15 16 |
---------------+-------------------------------------------------+-----
Axes           | 4 5 6 8 9 10 11 13 14 16 17 18 19 20 | 20.9
Armour         | 3 5 7 9 11 13 14 15 | 15.2
Fighting       | 4 8 10 11 13 14 15 | 15.7
Dodging        | 5 7 9 11 12 13 | 13.6
Invocations    | 4 8 9 |  9.0
Throwing       | |  2.0

Action                   |  1- 3 |  4- 6 |  7- 9 | 10-12 | 13-15 | 16-18 || total
-------------------------+-------+-------+-------+-------+-------+-------++-------
Melee: War axe           |    55 |   129 |   195 |   335 |   921 |   204 ||  1839
       Headbutt          |    10 |    31 |    55 |   124 |   316 |    81 ||   617
       Scimitar          |       |       |       |    11 |    13 |       ||    24
Invok: Slouch            |       |       |       |       |     8 |       ||     8
       Temporal Distorti |       |       |       |       |     2 |       ||     2
Evoke: Wand              |       |       |       |       |     8 |     1 ||     9
  Use: Scroll            |       |       |       |       |    18 |     1 ||    19
 Stab: Petrified         |       |       |       |     3 |       |       ||     3
       Distracted        |       |       |       |       |     4 |       ||     4
       Confused          |       |       |       |       |     1 |       ||     1
  Eat: Chunk             |     1 |     4 |     7 |    16 |    28 |     6 ||    62
       Royal jelly       |       |       |       |     2 |       |       ||     2
Armor: Leather armour    |    16 |       |       |       |       |       ||    16
       Plate armour      |       |    81 |    76 |   141 |   286 |    68 ||   652
Dodge: Dodged            |    49 |    28 |    58 |   138 |   495 |   160 ||   928
Block: Shield            |     9 |    72 |    94 |   181 |   560 |   139 ||  1055
       Rpst.: Scimitar   |       |       |       |     1 |     3 |       ||     4
